AoeStats
← [SSB] LisanAlGaib

Arabia

508722195Analyzed
3v3 RM · 8d ago on Sep 23, 2026· 42m 14s· 6 players
Game mode
Random Map
Map size
Normal (6 player)
Population
200
Speed
Normal
Resources
Standard
Victory
Conquest
Starting age
Dark Age
Ending age
Imperial Age
RankedLock teamsTeams togetherTeam positionsShared explorationLock speedFull tech treeHidden civsTurbo modeCheats
Victory
Defeat
🇫🇷 Persians · France
1170
+12
🇧🇪 Burgundians · Belgium
1160
+12
🇧🇪 Mongols · Belgium
718
+29
🇵🇪 Aztecs · Peru
1093
-18
🇪🇸 Magyars · Spain
1074
-18
🇨🇳 Mongols · China
1031
-17
pablov02
6:56 Loom
9:55 Feudal Age
20:22 Double-Bit Axe
23:07 Gold Mining
23:11 Horse Collar
27:44 Castle Age
27:43 Bloodlines
27:43 Scale Barding Armor
29:15 Husbandry
30:25 Wheelbarrow
32:01 Hand Cart
32:11 Bow Saw
33:10 Chain Barding Armor
35:47 Heavy Plow
37:41 Light Cavalry
marshall_o18
0:41 Loom
11:23 Feudal Age
18:02 Castle Age
16:24 Double-Bit Axe
20:45 Pikeman
22:09 Squires
23:46 Scale Mail Armor
27:18 Chain Mail Armor
27:14 Forging
27:22 Arson
30:14 Man-at-Arms
32:01 Iron Casting
32:17 Gambesons
33:53 Long Swordsman
38:55 Imperial Age
42:01 Town Watch
箭无虚发
11:02 Feudal Age
13:32 Double-Bit Axe
18:58 Loom
21:28 Castle Age
19:27 Gold Mining
19:33 Horse Collar
20:44 Bloodlines
31:52 Scale Barding Armor
31:58 Forging
38:11 Chain Barding Armor
[SSB] YzerGeek
7:47 Loom
10:05 Feudal Age
10:34 Double-Bit Axe
17:57 Horse Collar
21:01 Castle Age
20:05 Gold Mining
22:37 Forging
22:33 Scale Barding Armor
25:03 Bow Saw
24:45 Cavalier
32:21 Wheelbarrow
32:49 Gold Shaft Mining
32:45 Scale Mail Armor
33:25 Iron Casting
35:09 Burgundian Vineyards
39:01 Imperial Age
36:48 Fletching
37:45 Heavy Plow
38:09 Chain Barding Armor
37:45 Bodkin Arrow
40:02 Paladin
41:56 Hand Cart
41:29 Town Watch
41:15 Pikeman
[SSB] LisanAlGaib
9:25 Feudal Age
7:53 Loom
9:55 Double-Bit Axe
20:48 Castle Age
28:13 Fletching
28:24 Padded Archer Armor
30:23 Crossbowman
35:56 Leather Archer Armor
35:37 Bodkin Arrow
42:04 Thumb Ring
Popomerdo
6:17 Loom
8:56 Feudal Age
10:21 Double-Bit Axe
12:59 Horse Collar
20:07 Castle Age
19:08 Scale Barding Armor
19:15 Bloodlines
19:34 Gold Mining
22:37 Bow Saw
23:05 Forging
26:34 Husbandry
29:53 Gold Shaft Mining
29:19 Heavy Plow
30:21 Wheelbarrow
30:43 Chain Barding Armor
31:01 Iron Casting
30:37 Stone Mining
37:41 Imperial Age
37:06 Stone Shaft Mining
36:43 Murder Holes
37:21 Cavalier
38:38 Plate Barding Armor
39:05 Blast Furnace
39:43 Savar
Connection lost

Rejoining the realm…

Still unreachable

The connection could not be restored.

Session expired

The server has moved on; the page needs a fresh start.